 Dungeon Crawl Stone Soup version 0.23.1 (webtiles) character file.

Game seed: 15273375048647148860

3640 Kurtz the Basher (level 9, -5/64 HPs)
             Began as a Mummy Chaos Knight on Mar 1, 2019.
             Was a Plaything of Xom.
             Slain by a two-headed ogre
             ... wielding a +0 giant club
              (20 damage)
             ... on level 9 of the Dungeon.
             The game lasted 00:10:27 (8686 turns).

Kurtz the Basher (Mummy Chaos Knight)               Turns: 8686, Time: 00:10:28

Health: -5/64      AC: 13    Str: 21    XL:     9   Next: 87%
Magic:  9/9        EV:  4    Int: 11    God:    Xom [.*....]
Gold:   1450       SH: 10    Dex: 14    Spells: 8/8 levels left

rFire    x . .     SeeInvis .   l - +2 morningstar (freeze)
rCold    + . .     Gourm    .   m - +0 shield
rNeg     + + +     Faith    .   u - +0 plate armour
rPois    ∞         Spirit   .   f - +0 helmet
rElec    .         Reflect  .   (no cloak)
rCorr    .         Harm     .   (no gloves)
MR       +....                  (no boots)
Stlth    ..........             (no amulet)
HPRegen  0.20/turn              t - +5 ring of strength
MPRegen  0.11/turn              p - +2 ring of protection

@: studying Staves
A: no food or potions, fire vulnerability, cold resistance 1, negative energy
resistance 3, torment resistance, unbreathing
a: Renounce Religion


You were on level 9 of the Dungeon.
You worshipped Xom.
You were a plaything of Xom.
You were not hungry.

You visited 1 branch of the dungeon, and saw 9 of its levels.
You also visited: Bailey.

You collected 1450 gold pieces.

Inventory:

Hand Weapons
 a - a +0 hand axe of chaos
 d - a +1 hand axe of freezing
 l - a +2 morningstar of freezing (weapon)
 n - a +0 broad axe
 r - a +2 whip of electrocution
Missiles
 c - a throwing net
 q - 44 tomahawks of returning
 y - 2 poisoned javelins (quivered)
Armour
 b - a +2 leather armour
 f - a +0 helmet (worn)
 m - a +0 shield (worn)
 u - a +0 plate armour (worn)
 v - a +0 buckler
Jewellery
 p - a +2 ring of protection (right hand)
 t - a +5 ring of strength (left hand)
Wands
 s - a wand of iceblast (7)
 z - a wand of acid (9)
Scrolls
 e - 3 scrolls of remove curse
 g - a scroll of amnesia
 h - 3 scrolls of fear
 i - 5 scrolls of teleportation
 j - 5 scrolls of enchant armour
 w - a scroll of random uselessness {unknown}
 x - a scroll of fog
Books
 A - a manual of Staves
Miscellaneous
 k - a box of beasts


   Skills:
 + Level 3.2 Fighting
 - Level 5.5(8.1) Axes
 * Level 9.1(9.8) Maces & Flails
 - Level 1.5 Armour
 * Level 1.8 Dodging
 * Level 5.1 Shields


You had 8 spell levels left.
You didn't know any spells.
Your spell library contained the following spells:

 Spells                   Type           Power        Failure   Level  Hunger
 Animate Skeleton         Necr           N/A          100%        1    N/A
 Apportation              Tloc           #.....       100%        1    N/A
 Confusing Touch          Hex            #.....       100%        1    N/A
 Flame Tongue             Conj/Fire      #....        100%        1    N/A
 Infusion                 Chrm           #...         100%        1    N/A
 Summon Small Mammal      Summ           #...         100%        1    N/A
 Shroud of Golubria       Chrm/Tloc      #.........   100%        2    N/A
 Song of Slaying          Chrm           #.......     100%        2    N/A
 Throw Flame              Conj/Fire      #.....       100%        2    N/A
 Conjure Flame            Conj/Fire      #.......     100%        3    N/A
 Inner Flame              Hex/Fire       #.......     100%        3    N/A
 Spectral Weapon          Hex/Chrm       #.......     100%        3    N/A
 Sticky Flame             Conj/Fire      #.......     100%        4    N/A
 Fireball                 Conj/Fire      #.........   100%        5    N/A
 Regeneration             Chrm/Necr      Unusable     N/A         3    N/A

Dungeon Overview and Level Annotations

Branches:
Dungeon (9/15)             Temple (0/1) D:4
   Lair: D:8-11         Orc: D:9-12

Altars:
Cheibriados
Dithmenos
Nemelex Xobeh
Uskayaw
Wu Jian
Xom
Yredelemnul


Innate Abilities, Weirdness & Mutations

You do not eat or drink.
Your flesh is vulnerable to fire.
You are immune to poison.
Your flesh is cold resistant. (rC+)
You are immune to negative energy. (rN+++)
You are immune to unholy pain and torment.
You can survive without breathing.


Message History

Your hound bites the two-headed ogre.
You hit the two-headed ogre. You freeze the two-headed ogre.
The two-headed ogre is severely wounded.
The two-headed ogre hits you but does no damage.
The two-headed ogre hits you with a +0 giant club!
Your hound bites the two-headed ogre.
You closely miss the two-headed ogre.
The two-headed ogre is almost dead.
Your hound bites the two-headed ogre.
The two-headed ogre hits you with a +0 giant club!!
* * * LOW HITPOINT WARNING * * *
A shower of butterflies erupts from you!
The two-headed ogre hits you with a +0 giant club.
* * * LOW HITPOINT WARNING * * *
Your hound bites the two-headed ogre.
Your shield prevents you from hitting the two-headed ogre.
The two-headed ogre is almost dead.
Your hound bites the two-headed ogre.
The two-headed ogre hits you with a +0 giant club!!
You die...

#.........#.......#......
#.O.....(.#.......#..g...
#.........#.......#......
#(.###.##'####.##†#
##(.######†.###.##.#
#.....#..........'..
#..hb.#..........#..
#.bOb.#..).......#..
#..@b.#..........#..
##...>.'<.........#..
#...b.##..##.##+###..
########..##.##..##..
#....#.....#...
#....#.....#...
#....#.....#...
###..#...#..#.#
#############


You could see a two-headed ogre and a friendly hound.

Vanquished Creatures
  Pikel (D:4)
  A hippogriff (D:7)
  A yak (D:9)
  Grum (D:9)
  3 orc warriors
  2 slaves
  An eye of draining (D:9)
  2 sky beasts (D:7)
  3 ice beasts
  An ogre (D:4)
  2 wolves
  A centaur (D:9)
  2 bullfrogs
  2 scorpions
  2 jellies
  6 hounds
  2 quasits
  5 orc priests
  A gnoll shaman (D:7)
  An orc wizard (D:4)
  Jessica (D:2)
  2 bullfrog skeletons (D:5)
  Natasha (D:2)
  An iguana (D:6)
  6 worker ants
  A hound skeleton (D:6)
  A hound zombie (D:6)
  A howler monkey zombie (D:9)
  Robin (D:2)
  8 gnolls
  7 adders
  2 oozes
  An adder skeleton (D:7)
  An adder zombie (D:7)
  4 worms
  A dart slug (D:1)
  21 orcs
  3 bats
  6 giant cockroaches
  13 goblins
  15 hobgoblins
  7 jackals
  14 kobolds
  4 quokkas
  3 frilled lizards
  A jackal skeleton (D:6)
  A quokka zombie (D:7)
  6 rats
173 creatures vanquished.

Vanquished Creatures (collateral kills)
  An orc knight (Bailey)
  An orc warrior (Bailey)
  A goblin (Bailey)
  3 hobgoblins (Bailey)
  2 kobolds (Bailey)
8 creatures vanquished.

Vanquished Creatures (others)
  A slave (D:4)
  A scorpion (D:4)
  An iguana (D:4)
  A goblin (Bailey)
4 creatures vanquished.

Grand Total: 185 creatures vanquished

Notes
Turn   | Place    | Note
-------+----------+-------------------------------------------
     0 | D:1      | Kurtz the Mummy Chaos Knight began the quest for the Orb.
     0 | D:1      | Reached XP level 1. HP: 18/18 MP: 1/1
     3 | D:1      | Noticed an electric eel
     3 | D:1      | Noticed an electric eel
    55 | D:1      | XOM: harmless Tmut miscast
    60 | D:1      | Reached XP level 2. HP: 23/24 MP: 2/2
   100 | D:1      | XOM: divination: detect creatures
   129 | D:1      | XOM: potion effect (invisibility)
   151 | D:2      | Noticed Jessica
   153 | D:2      | Killed Jessica
   153 | D:2      | Reached XP level 3. HP: 25/29 MP: 3/3
   189 | D:2      | XOM: harmless Chrm miscast
   197 | D:2      | Reached XP level 4. HP: 26/35 MP: 4/4
   370 | D:2      | Found a snail-covered altar of Cheibriados.
   394 | D:2      | XOM: harmless Tloc miscast
   406 | D:2      | Found an ornate altar of the Wu Jian Council.
   406 | D:2      | Found a hide-covered altar of Uskayaw.
   407 | D:2      | Found a sparkling altar of Nemelex Xobeh.
   415 | D:2      | Noticed Natasha
   418 | D:2      | XOM: cast spell 'Olgreb's Toxic Radiance'
   421 | D:2      | XOM: silly message
   423 | D:2      | Killed Natasha
   464 | D:2      | Noticed Robin
   482 | D:2      | Killed Robin
   585 | D:2      | XOM: silly message
   808 | D:2      | XOM: potion effect (invisibility)
   817 | D:2      | Reached skill level 5 in Axes
   817 | D:2      | Reached XP level 5. HP: 30/41 MP: 5/5
  1487 | D:3      | XOM is BORED!
  1487 | D:3      | XOM: noise
  1687 | D:3      | Reached XP level 6. HP: 47/47 MP: 6/6
  1710 | D:3      | XOM: god gift: tapered bone wand {god gift}
  1928 | D:3      | XOM: summons 3 friendly demons
  1930 | D:3      | Reached skill level 1 in Maces & Flails
  2216 | D:4      | Noticed a slave
  2217 | D:4      | Noticed a slave
  2217 | D:4      | Noticed Pikel
  2218 | D:4      | Noticed a slave
  2220 | D:4      | XOM: fog
  2225 | D:4      | Noticed a slave
  2238 | D:3      | Killed a slave
  2338 | D:3      | XOM is BORED!
  2338 | D:3      | XOM: summons 4 hostile shadow creatures
  2366 | D:4      | Found a staircase to the Ecumenical Temple.
  2410 | D:4      | XOM: smoke on damage
  2411 | D:4      | Reached skill level 2 in Maces & Flails
  2411 | D:4      | Reached skill level 1 in Shields
  2826 | D:4      | Reached XP level 7. HP: 49/52 MP: 7/7
  3023 | D:4      | Reached skill level 3 in Maces & Flails
  3038 | D:4      | XOM: cast spell 'Summon Small Mammal'
  3051 | D:4      | Killed Pikel
  3051 | D:4      | Reached skill level 5 in Maces & Flails
  3442 | D:4      | Reached XP level 8. HP: 58/58 MP: 8/8
  3578 | D:5      | Entered Level 5 of the Dungeon
  3607 | D:5      | Found a basalt altar of Yredelemnul.
  3609 | D:5      | Found a shimmering altar of Xom.
  3609 | D:5      | Found a stormy altar of Qazlal.
  3611 | D:5      | Found a basalt altar of Yredelemnul.
  3611 | D:5      | Found a sparkling altar of Nemelex Xobeh.
  3611 | D:5      | Found a bloodstained altar of Trog.
  3737 | D:5      | XOM: cloud trail
  3741 | D:5      | XOM: silly message
  3883 | D:5      | XOM: god gift: plate armour {god gift}
  3928 | D:5      | XOM: scenery: create altars
  3933 | D:5      | XOM: 1-stop teleportation journey
  4152 | D:5      | Reached skill level 6 in Maces & Flails
  4652 | D:6      | XOM: smoke on damage
  4669 | D:6      | XOM: god gift: potion of haste
  4797 | D:6      | Reached skill level 7 in Maces & Flails
  4856 | D:6      | XOM: harmless Tloc miscast
  4890 | D:6      | Found a shadowy altar of Dithmenos.
  5340 | D:7      | Found a flagged portal.
  5407 | Bailey   | Entered a bailey
  5467 | Bailey   | Noticed an orc knight
  5972 | Bailey   | XOM: 3-stop teleportation journey
  5973 | Bailey   | XOM: destruction
  5983 | Bailey   | Reached XP level 9. HP: 45/63 MP: 9/9
  5983 | Bailey   | XOM: cast spell 'Summon Dragon'
  5987 | Bailey   | Killed an orc knight
  6399 | D:7      | Reached skill level 8 in Maces & Flails
  6485 | D:7      | XOM: potion effect (brilliance)
  6491 | D:7      | Reached skill level 1 in Dodging
  6607 | D:7      | XOM is BORED!
  7188 | D:6      | XOM: harmless Hex miscast
  7339 | D:6      | XOM: harmless Chrm miscast
  8094 | D:9      | XOM: confusion (+ monsters)
  8201 | D:9      | Reached skill level 5 in Shields
  8246 | D:9      | XOM: enchant monster (good)
  8263 | D:9      | XOM: summons friendly crimson imp
  8307 | D:9      | Noticed Grum
  8308 | D:9      | XOM: butterfly on damage
  8451 | D:9      | Killed Grum
  8451 | D:9      | Reached skill level 9 in Maces & Flails
  8672 | D:9      | Noticed a two-headed ogre
  8677 | D:9      | XOM: cast spell 'Call Canine Familiar'
  8685 | D:9      | XOM: butterfly on damage
  8686 | D:9      | Slain by a two-headed ogre

Skill      XL: |  1  2  3  4  5  6  7  8  9 |
---------------+----------------------------+-----
Axes           | 3 4 5 |  5.5
Maces & Flails | 2 5 7 9 |  9.1
Shields        | 1 2 3 5 |  5.1
Dodging        | 1 |  1.8
Fighting       | |  3.2
Armour         | |  1.5

Action                   |  1- 3 |  4- 6 |  7- 9 || total
-------------------------+-------+-------+-------++-------
Melee: Hand axe          |    58 |   103 |       ||   161
       Morningstar       |       |    81 |   186 ||   267
       Whip              |       |       |   140 ||   140
Throw: Tomahawk          |       |       |    31 ||    31
       Javelin           |       |       |     6 ||     6
Evoke: Wand              |       |       |    17 ||    17
  Use: Scroll            |       |       |    10 ||    10
 Stab: Paralysed         |     1 |       |       ||     1
       Invisible         |     2 |     3 |       ||     5
       Distracted        |       |       |     1 ||     1
Armor: Leather armour    |     3 |       |       ||     3
       Plate armour      |    34 |   144 |   256 ||   434
Dodge: Dodged            |    12 |    48 |    53 ||   113
Block: Shield            |       |       |   141 ||   141
       Buckler           |       |       |    20 ||    20
